 Dungeon Crawl Stone Soup version 0.28.0-53-g5a82cb258f (webtiles) character file.

Game seed: 6434498925029670990

672 moldycheese5 the Skirmisher (level 7, -2/55 HPs)
             Began as a Demonspawn Abyssal Knight on June 17, 2022.
             Was a Believer of Lugonu.
             Killed by an exploding hound (16 damage)
             ... ignited by their inner flame
             ... on level 5 of the Dungeon.
             The game lasted 00:06:52 (4653 turns).

moldycheese5 the Skirmisher (DsAK)                  Turns: 4653, Time: 00:06:52

Health: -2/55      AC:  6    Str: 16    XL:     7   Next: 32%
Magic:  8/8        EV: 12    Int: 11    God:    Lugonu [**....]
Gold:   206        SH:  0    Dex: 13    Spells: 6/6 levels left

rFire   . . .      SeeInvis .   g - +2 short sword (speed)
rCold   . . .      Faith    .   (no shield)
rNeg    . . .      Spirit   .   o - +0 troll leather armour
rPois   +          Reflect  .   (helmet restricted)
rElec   .          Harm     .   (no cloak)
rCorr   .          Rampage  .   (no gloves)
Will    .....                   (no boots)
Stlth   +.........              (no amulet)
HPRegen 1.98/turn               s - ring of poison resistance
MPRegen 0.11/turn               (no ring)

@: lit by a corona, glowing
A: antennae 1, slimy green scales 1, powered by death 1
a: Renounce Religion, Depart the Abyss, Bend Space


You were on level 5 of the Dungeon.
You worshipped Lugonu.
Lugonu was pleased with you.
You visited 1 branch of the dungeon, and saw 5 of its levels.
You visited the Abyss 1 time.

You collected 206 gold pieces.

Inventory:

Hand Weapons
 a - a +1 falchion
 g - a +2 short sword of speed (weapon)
Armour
 b - a +0 leather armour
 o - a +0 troll leather armour (worn)
Jewellery
 s - a ring of poison resistance (left hand)
Scrolls
 c - a scroll of fog
 d - 2 scrolls of immolation
 e - a scroll of fear {unknown}
 j - a scroll of blinking {unknown}
 l - a scroll of vulnerability {unknown}
 n - a scroll of teleportation {unknown}
 r - a scroll of enchant weapon {unknown}
 t - a scroll of magic mapping {unknown}
Potions
 f - 2 potions of haste {unknown}
 h - 3 potions of brilliance
 i - 2 potions of might
 k - a potion of curing {unknown}
 m - a potion of flight {unknown}
 p - a potion of mutation {unknown}
 q - a potion of magic {unknown}


   Skills:
 + Level 4.8 Fighting
 + Level 4.0(4.4) Short Blades
 + Level 2.5(3.7) Long Blades
 + Level 3.4 Armour
 + Level 2.9 Dodging
 + Level 0.9 Stealth
 + Level 2.6 Invocations


You had 6 spell levels left.
You didn't know any spells.
Your spell library contained the following spells:

 Spells                   Type           Power      Damage    Failure   Level
 Summon Small Mammal      Summ           0%         N/A       38%         1
 Corpse Rot               Necr/Air       0%         N/A       54%         2
 Sublimation of Blood     Necr           0%         N/A       54%         2
 Wereblood                Tmut           0%         N/A       54%         2
 Call Canine Familiar     Summ           0%         N/A       77%         3
 Frozen Ramparts          Ice            0%         1d2       77%         3
 Ignite Poison            Fire/Tmut/Pois 0%         N/A       77%         3
 Mephitic Cloud           Conj/Pois/Air  0%         N/A       77%         3
 Summon Guardian Golem    Hex/Summ       0%         N/A       77%         3
 Dispel Undead            Necr           0%         3d6       99%         4
 Ice Form                 Ice/Tmut       0%         N/A       99%         4
 Summon Ice Beast         Ice/Summ       0%         N/A       99%         4
 Freezing Cloud           Conj/Ice/Air   0%         6-21      100%        5
 Death Channel            Necr           0%         N/A       100%        6
 Dispersal                Tloc           0%         N/A       100%        6
 Summon Hydra             Summ           0%         N/A       100%        7
 Disjunction              Tloc           0%         N/A       100%        8


Dungeon Overview and Level Annotations

Branches:
Dungeon (5/15)
 Temple: D:4-7

Altars:
Gozag
Trog


Innate Abilities, Weirdness & Mutations

You have a pair of small antennae on your head.
You are partially covered in slimy green scales. (AC +2)
You regenerate a little health from kills.


Message History

You hit the sky beast.
The sky beast is severely wounded.
You hit the sky beast.
The sky beast is almost dead.
The sky beast hits you. The sky beast shocks you.
* * * LOW HITPOINT WARNING * * *
You hit the sky beast but do no damage.
The sky beast is almost dead.
You hit the sky beast but do no damage.
The sky beast is almost dead.
The sky beast closely misses you.
You closely miss the sky beast.
The sky beast is almost dead.
The sky beast hits you but does no damage.
You hit the sky beast.
The sky beast is almost dead.
You hit the sky beast.
You kill the sky beast!
Lugonu accepts your kill.
Your Short Blades skill increases to level 4!
As you read the scroll of immolation, it crumbles to dust.
The creatures around you are filled with an inner flame!
The hound closely misses you. The hound bites you but does no damage.
You hit the hound.
Flame seeps out of the hound.
The hound is lightly wounded.
The hound is engulfed in blazing flames.
Flame seeps out of the hound.
The hound bites you.
* * * LOW HITPOINT WARNING * * *
You hit the hound.
Flame seeps out of the hound.
The hound is heavily wounded.
The hound is engulfed in blazing flames.
Lugonu accepts your kill.
The hound explodes!
The fiery explosion engulfs the orc priest!!
Lugonu accepts your kill.
The fiery explosion engulfs the ice beast!!
The ice beast melts!
Lugonu accepts your kill. The fiery explosion engulfs you!
You die...

# #.#.# #.... #$.. #
#.#.###.... ..8 #
#.#.#......#?8. #
#.#.#.#....... .. #
#.#.#.#......###...
#
#.#.#.#....Z......#
#
##.#'#.#...)§J)...=.
# #......# #○#{
#####......# #@#
...........#####.#.#
...................#
...................#
..[................#
...........#####.#.#
............. ......
..........###
#.#.... ...........
........


You could see a jelly and a killer bee zombie (inner flame).

Vanquished Creatures
  A water moccasin (D:3)
  An ice beast (D:5)
  A sky beast (D:5)
  2 scorpions (D:4)
  A water moccasin skeleton (D:4)
  A howler monkey (D:4)
  A hound (D:5)
  A centaur skeleton (D:4)
  A gnoll shaman (D:5)
  An orc priest (D:5)
  An iguana (D:4)
  2 orc wizards
  A hound skeleton (D:3)
  2 adders
  2 ufetubi
  An adder skeleton (D:4)
  A worm (D:3)
  A dart slug (D:1)
  10 orcs
  6 ball pythons
  4 endoplasms
  A giant cockroach (D:1)
  8 hobgoblins
  5 jackals
  5 quokkas
  8 bats
  2 frilled lizards
  9 goblins
  8 kobolds
  4 rats
92 creatures vanquished.

Notes
Turn   | Place    | Note
-------+----------+-------------------------------------------
     0 | Abyss:1  | moldycheese5 the Demonspawn Abyssal Knight began the quest
                  | for the Orb.
     0 | Abyss:1  | Reached XP level 1. HP: 18/18 MP: 2/2
     0 | D:1      | Escaped the Abyss
   110 | D:1      | Reached * piety under Lugonu
   123 | D:1      | Reached skill level 1 in Dodging
   174 | D:1      | Gained mutation: You are partially covered in slimy green
                  | scales. (AC +2) [demonic ancestry]
   174 | D:1      | Reached XP level 2. HP: 20/24 MP: 3/3
   895 | D:1      | Reached XP level 3. HP: 28/29 MP: 4/4
  2286 | D:3      | Reached XP level 4. HP: 34/35 MP: 5/5
  2294 | D:3      | Reached ** piety under Lugonu
  2620 | D:3      | Reached skill level 1 in Short Blades
  3113 | D:3      | Noticed a water moccasin
  3137 | D:3      | Killed a water moccasin
  3138 | D:3      | Gained mutation: You regenerate a little health from kills.
                  | [demonic ancestry]
  3138 | D:3      | Reached XP level 5. HP: 3/42 MP: 6/6
  3143 | D:3      | HP: 2/42 [poisoned by a water moccasin]
  3611 | D:4      | Reached XP level 6. HP: 48/48 MP: 7/7
  4216 | D:4      | Found a bloodstained altar of Trog.
  4225 | D:4      | Found an opulent altar of Gozag.
  4317 | D:4      | Gained mutation: You have a pair of small antennae on your
                  | head. [demonic ancestry]
  4317 | D:4      | Reached XP level 7. HP: 24/55 MP: 8/8
  4529 | D:5      | Entered Level 5 of the Dungeon
  4653 | D:5      | Killed by an exploding hound... ignited by their inner
                  | flame

Illustrated notes

Levels and vault maps discovered:
D:1:      minmay_arrival_solitary_statue, layout_loops_corners,
          hangedman_decor_push
D:2:      layout_rooms, minmay_misc_feat_square, minmay_misc_feat_diagonals,
          feat_on_display
D:3:      layout_basic
D:4:      layout_gridville, mainiacjoe_overflow_swirl
D:5:      layout_basic, serial_rivers, chequers_serial_rivers_room_b,
          chequers_serial_rivers_micro_a, chequers_serial_rivers_marsh,
          chequers_serial_rivers_micro_e, chequers_serial_rivers_micro_d,
          minmay_bent, uniq_crazy_yiuf_cottage

Skill      XL: |  1  2  3  4  5  6  7 |
---------------+----------------------+-----
Armour         | 2 3 |  3.4
Dodging        | 1 2 |  2.9
Long Blades    | 2 |  2.5
Short Blades   | 2 3 4 |  4.0
Fighting       | 4 |  4.8
Stealth        | |  0.9
Invocations    | |  2.6

Action                   |  1- 3 |  4- 6 |  7- 9 || total
-------------------------+-------+-------+-------++-------
Melee: Falchion          |    75 |       |       ||    75
       Short sword       |    66 |   232 |    74 ||   372
       Punch             |       |     2 |     1 ||     3
Invok: Depart the Abyss  |     1 |       |       ||     1
  Use: Scroll            |       |     3 |     3 ||     6
       Potion            |       |     1 |       ||     1
 Stab: Sleeping          |     2 |       |       ||     2
Armor: Leather armour    |    46 |    16 |       ||    62
       Troll leather arm |       |    36 |    19 ||    55
Dodge: Dodged            |    82 |   112 |    13 ||   207
